 Dungeon Crawl Stone Soup version 0.29-a0-82-g837932c90e (webtiles) character file.

Game seed: 13776787031143716169

98 lordive the Chopper (level 4, -1/38 HPs)
             Began as a Hill Orc Warper on Feb 4, 2022.
             Slain by Pikel (4 damage)
             ... on level 3 of the Dungeon.
             The game lasted 00:02:19 (2671 turns).

lordive the Chopper (Hill Orc Warper)               Turns: 2671, Time: 00:02:20

Health: -1/38      AC:  6    Str: 13    XL:     4   Next: 69%
Magic:  6/6        EV:  9    Int: 15    God:
Gold:   111        SH:  0    Dex: 16    Spells: 6/6 levels left

rFire   . . .      SeeInvis .   p - +0 war axe
rCold   . . .      Faith    .   (no shield)
rNeg    . . .      Spirit   .   f - +0 scale mail
rPois   .          Reflect  .   (no helmet)
rElec   .          Harm     .   (no cloak)
rCorr   .          Rampage  .   (no gloves)
Will    .....                   (no boots)
Stlth   ..........              (no amulet)
HPRegen 0.12/turn               a - +6 ring of dexterity
MPRegen 0.10/turn               (no ring)

@: no status effects
A: no striking features
a: no special abilities


You were on level 3 of the Dungeon.
You visited 1 branch of the dungeon, and saw 4 of its levels.

You collected 111 gold pieces.

Inventory:

Hand Weapons
 p - a +0 war axe (weapon)
Missiles
 d - 5 boomerangs of dispersal (quivered)
Armour
 b - a +0 leather armour
 f - a +0 scale mail (worn)
Jewellery
 a - a +6 ring of dexterity (left hand)
Scrolls
 c - a scroll of blinking
 g - a scroll of enchant armour {unknown}
 h - a scroll of immolation {unknown}
 i - 2 scrolls of identify {unknown}
 k - 2 scrolls of teleportation {unknown}
Potions
 e - a potion of mutation {unknown}
 j - a potion of heal wounds {unknown}
 l - 2 potions of curing {unknown}
 m - a potion of ambrosia {unknown}
 n - a potion of might {unknown}
 o - a potion of berserk rage {unknown}


   Skills:
 + Level 3.0 Fighting
 + Level 3.7 Axes
 - Level 0.8 Throwing
 + Level 2.3 Armour
 + Level 1.7 Dodging
 + Level 1.9 Spellcasting
 * Level 3.0 Translocations


You had 6 spell levels left.
You didn't know any spells.
Your spell library contained the following spells:

 Spells                   Type           Power      Damage    Failure   Level
 Blink                    Tloc           20%        N/A       43%         2
 Gell's Gravitas          Tloc           10%        N/A       67%         3
 Lesser Beckoning         Tloc           10%        N/A       67%         3
 Teleport Other           Tloc           10%        N/A       67%         3
 Corpse Rot               Necr/Air       2%         N/A       85%         2
 Sublimation of Blood     Necr           1%         N/A       85%         2
 Dispel Undead            Necr           1%         3d6       100%        4
 Petrify                  Tmut/Erth      1%         N/A       100%        4
 Irradiate                Conj/Tmut      0%         3d13      100%        5
 Manifold Assault         Tloc           10%        N/A       100%        5
 Death Channel            Necr           0%         N/A       100%        6


Dungeon Overview and Level Annotations

Branches:
Dungeon (4/15)
 Temple: D:4-7

Altars:

Annotations:
D:3 Pikel


Message History

Pikel is lightly wounded.
Pikel hits you with a +0 whip of flaming!
Pikel burns you.
You are too injured to fight recklessly!
You are too injured to fight recklessly!
You are too injured to fight recklessly!
You are too injured to fight recklessly!
You are too injured to fight recklessly!
You are too injured to fight recklessly!
You are too injured to fight recklessly!
You are too injured to fight recklessly!
You are too injured to fight recklessly!
You are too injured to fight recklessly!
You are too injured to fight recklessly!
You are too injured to fight recklessly!
You are too injured to fight recklessly!
You are too injured to fight recklessly!
You are too injured to fight recklessly!
Unknown command.
You barely miss Pikel.
Pikel is lightly wounded.
Pikel hits you but does no damage.
You barely miss Pikel.
Pikel is lightly wounded.
Pikel hits you with a +0 whip of flaming.
* * * LOW HITPOINT WARNING * * *
Pikel burns you.
* * * LOW HITPOINT WARNING * * *
Unknown command.
There is an open door here.
There is a stone staircase leading up here.
Pikel closely misses you.
You climb upwards.
There is a stone staircase leading down here.
Pikel waves his whip at you.
Okay, then.
Pikel hits you with a +0 whip of flaming!
* * * LOW HITPOINT WARNING * * *
Pikel burns you.
You die...

......#........+.................
....######....##...#####.........
....##.##.#+#.##...###...........
....##.#.................#.....##
....##.##.#.#.##.#..##.#...>.....
..........#.#.##.#..##.#.#..#..##
....##.####......#.............#
###.##.# #.#.##.#.............#
#.##.# #...##@...........#..#
#.##.## #.####K###.......##..#
#.##..# #.# #.# #...#......##
#.###.###.# #.###..........# #.#
#.....# #.......##.#####
#.###.##### #####.....## #.....#
####### #######


You could see Pikel.

Vanquished Creatures
  An orc priest (D:3)
  2 adders
  A worm (D:3)
  3 dart slugs
  3 orcs (D:3)
  6 ball pythons
  3 bats
  4 endoplasms
  A giant cockroach (D:2)
  2 goblins (D:1)
  3 hobgoblins
  A quokka (D:2)
  2 frilled lizards
  3 kobolds (D:1)
  4 rats (D:1)
39 creatures vanquished.

Notes
Turn   | Place    | Note
-------+----------+-------------------------------------------
     0 | D:1      | lordive the Hill Orc Warper began the quest for the Orb.
     0 | D:1      | Reached XP level 1. HP: 18/18 MP: 3/3
   240 | D:1      | Reached XP level 2. HP: 21/25 MP: 4/4
   913 | D:2      | Reached XP level 3. HP: 15/30 MP: 5/5
  1090 | D:2      | Found a faded altar of an unknown god.
  2059 | D:3      | Reached XP level 4. HP: 37/37 MP: 6/6
  2628 | D:4      | Noticed Pikel
  2629 | D:4      | Noticed a lemure
  2629 | D:4      | Noticed a lemure
  2630 | D:4      | Noticed a lemure
  2632 | D:4      | Noticed a lemure
  2632 | D:4      | Noticed a black bear
  2671 | D:3      | Slain by Pikel

Illustrated notes

Levels and vault maps discovered:
D:1:      dpeg_arrival_three_smaller_balls, layout_basic
D:2:      layout_basic, basic_ecumenical_altar, kennysheep_boxes
D:3:      layout_basic
D:4:      layout_loops_corners, nicolae_dithmenos_through_a_glass_darkly,
          amcnicky_mini_corridor_feature, uniq_pikel, uniq_edmund

Skill      XL: |  1  2  3  4 |
---------------+-------------+-----
Axes           | 3 |  3.7
Armour         | 2 |  2.3
Fighting       | 3 |  3.0
Translocations | 3 |  3.0
Throwing       | |  0.8
Dodging        | |  1.7
Spellcasting   | |  1.9

Action                   |  1- 3 |  4- 6 || total
-------------------------+-------+-------++-------
Melee: Hand axe          |   106 |    23 ||   129
       Punch             |     2 |     1 ||     3
       War axe           |       |    12 ||    12
Armor: Scale mail        |    35 |     6 ||    41
       Leather armour    |     1 |       ||     1
Dodge: Dodged            |    61 |    12 ||    73

Table legend: (Time is in decaauts)
 A = Elapsed time spent in this place.
 B = Non-inter-level travel time spent in this place.
 C = Inter-level travel time spent in this place.
 D = Time resting spent in this place.
 E = Time spent auto-exploring this place.
 F = Levels seen in this place.
 G = Mean time per level.
                   A        B        C        D        E       F      G
               +--------+--------+--------+--------+--------+-----+--------+
         Total |   2692 |   2599 |     93 |      0 |   2222 |   4 |  673.0 |
       Dungeon |   2692 |   2599 |     93 |      0 |   2222 |   4 |  673.0 |
               +--------+--------+--------+--------+--------+-----+--------+

Top non-repeatable levels by time:
     D:3: 1062 daAuts
     D:1: 816 daAuts
     D:2: 765 daAuts
     D:4: 47 daAuts
